 Dungeon Crawl Stone Soup version 0.25.0-10-g039870ee82 (console) character file.

Game seed: 13836312808811177089

65487 bli the Warrior (level 14, 0/140 HPs)
             Began as a Minotaur Monk on June 21, 2020.
             Was a High Priest of Wu Jian.
             Slain by a black mamba (12 damage)
             ... on level 2 of the Snake Pit on June 22, 2020.
             The game lasted 01:55:58 (18381 turns).

bli the Warrior (Minotaur Monk)                    Turns: 18381, Time: 01:55:59

Health: 0/140      AC: 13    Str: 22    XL:     14   Next: 75%
Magic:  6/14       EV: 14    Int:  7    God:    Wu Jian [*****.]
Gold:   1520       SH:  5    Dex: 17    Spells: 13/13 levels left

rFire    . . .     SeeInvis .   a - +7 demon trident "Jyisa" {vamp, Str+5}
rCold    + . .     Gourm    .   (no shield)
rNeg     + . .     Faith    .   A - +2 scale mail {rC+}
rPois    .         Spirit   .   (helmet restricted)
rElec    .         Reflect  +   O - scarf {repulsion}
rCorr    .         Harm     .   E - +1 pair of gloves
MR       +....                  (no boots)
Stlth    +.........             i - amulet of reflection
HPRegen  0.33/turn              H - ring of positive energy
MPRegen  0.14/turn              K - +4 ring of slaying

@: lethally poisoned (0 -> -1), heavenly storm, glowing, constricted, repel
missiles
A: retaliatory headbutt, horns 2
a: Wall Jump, Serpent's Lash, Heavenly Storm, Renounce Religion


You were on level 2 of the Snake Pit.
You worshipped Wu Jian.
Wu Jian was extremely pleased with you.
You were near starving.

You visited 4 branches of the dungeon, and saw 17 of its levels.
You also visited: Ice Cave.

You collected 1680 gold pieces.
You spent 160 gold pieces at shops.

Inventory:

Hand Weapons
 a - the +7 demon trident "Jyisa" (weapon) {vamp, Str+5}
   (You acquired it in an ice cave)

   It inflicts no extra harm, but heals its wielder when it wounds a living foe.
   It affects your strength (+5).
 b - a +4 battleaxe of freezing
 W - the +8 falchion of Incongruity {drain, rN+ Dex+2}
   (You found it on level 3 of the Lair of Beasts)

   A truly terrible weapon, it drains the life of those it strikes.
   It affects your dexterity (+2).
   It protects you from negative energy.
Missiles
 g - 107 poisoned darts
 w - 8 silver boomerangs
 z - 8 javelins (quivered)
Armour
 A - a +2 scale mail of cold resistance (worn)
 E - a +1 pair of gloves (worn)
 O - a scarf of repulsion (worn)
Jewellery
 f - a +4 ring of evasion {unknown}
 i - an amulet of reflection (around neck)
 o - an uncursed ring of flight
 p - an uncursed ring of ice
 H - a ring of positive energy (left hand)
 K - a +4 ring of slaying (right hand)
 V - an uncursed amulet of the acrobat
Wands
 y - a wand of digging (10)
 D - a wand of enslavement (6)
 R - a wand of acid (17)
 X - a wand of iceblast (8)
 Z - a wand of random effects (24)
Scrolls
 d - 7 scrolls of enchant armour
 e - 4 scrolls of magic mapping
 h - a scroll of noise {unknown}
 j - 9 scrolls of teleportation
 k - 8 scrolls of remove curse
 s - 3 scrolls of fear {unknown}
 t - 3 scrolls of random uselessness {unknown}
 v - a scroll of holy word {unknown}
 B - 4 scrolls of enchant weapon {unknown}
 C - 5 scrolls of blinking {unknown}
 G - 3 scrolls of fog
 I - 3 scrolls of amnesia
 P - a scroll of brand weapon
 S - 2 scrolls of summoning
 Y - 2 scrolls of torment {unknown}
Potions
 l - 3 potions of berserk rage {unknown}
 n - 3 potions of magic {unknown}
 q - 3 potions of resistance {unknown}
 r - 2 potions of cancellation {unknown}
 u - 3 potions of heal wounds
 x - a potion of stabbing
 J - 4 potions of curing
 M - a potion of might
 N - a potion of haste
 Q - a potion of flight
Miscellaneous
 m - a tin of tremorstones (inert)
 L - 2 phantom mirrors
 U - a lightning rod (4/4)
Comestibles
 c - 28 rations


   Skills:
 + Level 17.5 Fighting
 - Level 6.5 Long Blades
 + Level 10.7(14.2) Axes
 + Level 15.2(16.3) Polearms
 + Level 10.8 Armour
 + Level 10.2 Dodging
 + Level 2.8 Stealth
 * Level 2.1 Evocations


You had 13 spell levels left.
You didn't know any spells.
Your spell library contained the following spells:

 Spells                   Type           Power        Failure   Level  Hunger
 Shock                    Conj/Air       #...         69%         1    ##.....
 Sting                    Tmut/Pois      #...         69%         1    ##.....
 Blink                    Tloc           N/A          83%         2    ###....
 Passwall                 Tmut/Erth      #.......     83%         2    ###....
 Shroud of Golubria       Chrm/Tloc      #.....       83%         2    ###....
 Swiftness                Chrm/Air       #.......     83%         2    ###....
 Gell's Gravitas          Tloc           #.........   96%         3    ####...
 Lesser Beckoning         Tloc           #.........   96%         3    ####...
 Static Discharge         Conj/Air       #.......     96%         3    ####...
 Teleport Other           Tloc           #.......     96%         3    ####...
 Airstrike                Air            #.........   100%        4    #####..
 Passage of Golubria      Tloc           N/A          100%        4    #####..
 Irradiate                Conj/Tmut      #.........   100%        5    ######.
 Lightning Bolt           Conj/Air       #.........   100%        5    ######.
 Darkness                 Hex            #.........   100%        6    #######
 Statue Form              Tmut/Erth      #........    100%        6    #######
 Ignition                 Fire           #.........   100%        8    #######
 Shatter                  Erth           #.........   100%        9    #######
 Tornado                  Air            #.........   100%        9    #######


Dungeon Overview and Level Annotations

Branches:
Dungeon (8/15)             Temple (1/1) D:7            Lair (6/6) D:8
 Shoals (0/4) Lair:2        Snake (2/4) Lair:3        Slime (0/5) Lair:6
  IceCv (visited)

Altars:
Dithmenos
Fedhas
Gozag
Hepliaklqana
Kikubaaqudgha
Makhleb
Qazlal
Ru
Vehumet
Wu Jian
Xom
Yredelemnul
Zin
Jiyva

Shops:
D:6 :[*   D:7 :

Annotations:
D:4 1 runed translucent door, grindst0ne's ghost, amateur DgWz


Innate Abilities, Weirdness & Mutations

You reflexively headbutt those who attack you in melee.
You have a pair of horns on your head.


Message History

The naga sharpshooter gestures wildly while chanting.
The naga sharpshooter magically shoots a bolt.
The bolt hits the anaconda!!
The black mamba bites you but does no damage.
The naga ritualist mumbles some strange words.
The naga ritualist begins to radiate toxic energy.
* * * LOW HITPOINT WARNING * * *
You are poisoned.
The shock serpent closely misses you.
You impale the shock serpent!! Your headbutt misses the shock serpent.
The shock serpent is severely wounded.
The shock serpent's electric aura discharges, shocking you!
* * * LOW HITPOINT WARNING * * *
You feel sick.
* * * LOW HITPOINT WARNING * * *
You are more poisoned.
The anaconda barely misses you. You block the anaconda's attack.
The anaconda bites you.
* * * LOW HITPOINT WARNING * * *
x2 The anaconda constricts you.
The mana viper completely misses you. The black mamba bites you!
You die...

##...N ......
...#.#.#.#N .
# .#...N.NN#..
#. ...>.<.....
#..#.>..NS.#..
...☼§S8S.....
#..#§SSSS>.#..
#...SS@SS.....
#..#NSSS§..#..
...#§#§#.#...
##. .. .. .? .
# ... ... ...
#### ###. $.
.. . ..


You could see 3 naga sharpshooters, 5 anacondas, a naga ritualist (toxic aura),
2 shock serpents, a mana viper, 5 black mambas, a naga mage (fast) and a naga.

Vanquished Creatures
  An ice dragon (Lair:6)
  A naga warrior (Snake:1)
  2 anacondas (Snake:1)
  4 hydras
  A two-headed ogre (D:8)
  15 death yaks
  A naga ritualist (Snake:1)
  2 mana vipers (Snake:1)
  Pikel (D:4)
  A lindwurm (Lair:6)
  2 ugly things (IceCv)
  A wolf spider (Lair:6)
  6 elephants (Lair:3)
  A merfolk siren (Lair:2)
  9 black mambas
  3 naga magi (Snake:1)
  A guardian serpent (Lair:6)
  2 ice statues (IceCv)
  5 torpor snails (Lair:6)
  18 spiny frogs
  2 rime drakes
  4 komodo dragons
  4 tyrant leeches (Lair:6)
  8 hornets (Lair:6)
  4 polar bears
  3 hippogriffs
  5 redbacks (Lair:6)
  Sigmund (D:3)
  7 wyverns (Lair:6)
  35 yaks
  2 basilisks
  10 nagas
  17 water moccasins
  11 porcupines
  8 ice beasts
  2 slaves (D:4)
  5 orc warriors
  3 black bears
  7 ogres
  2 sky beasts (D:6)
  A phantom (D:4)
  4 centaurs
  A necrophage (D:5)
  8 wolves (Lair:3)
  9 crocodiles
  A big kobold (D:7)
  11 bullfrogs
  A water moccasin skeleton (D:8)
  A wyvern skeleton (D:7)
  3 scorpions
  9 killer bees
  9 wights
  6 electric eels (D:6)
  A howler monkey (D:6)
  4 crimson imps
  A bullfrog zombie (D:8)
  A centaur zombie (D:6)
  A jelly (D:4)
  5 orc priests
  A bullfrog skeleton (D:8)
  3 hounds
  An iguana (D:6)
  5 orc wizards
  4 worker ants
  3 killer bee zombies
  A hound skeleton (D:7)
  Robin (D:2)
  6 gnolls
  8 adders
  2 shadow imps (D:8)
  12 white imps (Lair:3)
  An adder skeleton (D:8)
  4 leopard geckos
  32 orcs
  2 bats (D:2)
  3 giant cockroaches
  8 goblins
  8 hobgoblins
  12 jackals
  7 kobolds
  3 quokkas
  2 ball pythons
  2 frilled lizards
  2 leopard gecko skeletons (D:7)
  A quokka skeleton (D:4)
  2 rats
  2 fungi (D:8)
  3 plants
435 creatures vanquished.

Vanquished Creatures (others)
  A bush (Lair:6)
  15 fungi
  34 plants (Lair:6)
50 creatures vanquished.

Grand Total: 485 creatures vanquished

Notes
Turn   | Place    | Note
-------+----------+-------------------------------------------
     0 | D:1      | bli the Minotaur Monk began the quest for the Orb.
     0 | D:1      | Reached XP level 1. HP: 19/19 MP: 0/0
   412 | D:2      | Reached skill level 4 in Fighting
   412 | D:2      | Reached XP level 2. HP: 27/27 MP: 1/1
   569 | D:2      | Noticed Robin
   599 | D:2      | Killed Robin
   812 | D:2      | Reached XP level 3. HP: 32/33 MP: 2/2
  1355 | D:3      | Found a shimmering altar of Xom.
  1426 | D:3      | Reached XP level 4. HP: 41/41 MP: 3/3
  1591 | D:3      | Noticed Sigmund
  1604 | D:3      | Killed Sigmund
  1604 | D:3      | Reached skill level 5 in Fighting
  1604 | D:3      | Reached skill level 5 in Long Blades
  1604 | D:3      | Reached skill level 1 in Polearms
  1604 | D:3      | Reached XP level 5. HP: 36/48 MP: 4/4
  2684 | D:4      | Noticed a slave
  2708 | D:4      | Killed a slave
  2771 | D:4      | Noticed Pikel
  2830 | D:4      | Found a runed translucent door.
  2839 | D:4      | Noticed grindst0ne's ghost (amateur DgWz)
  2856 | D:4      | Noticed a phantom
  2867 | D:4      | Killed a phantom
  2867 | D:4      | Reached skill level 1 in Armour
  2867 | D:4      | Reached XP level 6. HP: 39/56 MP: 5/5
  2977 | D:4      | Found a burning altar of Makhleb.
  3082 | D:4      | Noticed a slave
  3100 | D:4      | Killed a slave
  3114 | D:4      | Noticed a slave
  3117 | D:4      | Noticed a slave
  3135 | D:4      | Killed Pikel
  3135 | D:4      | Reached skill level 6 in Fighting
  3135 | D:4      | Reached skill level 5 in Dodging
  3135 | D:4      | Reached XP level 7. HP: 32/63 MP: 6/6
  3816 | D:5      | Entered Level 5 of the Dungeon
  3828 | D:5      | Reached XP level 8. HP: 34/71 MP: 7/7
  4296 | D:5      | Reached skill level 7 in Fighting
  4296 | D:5      | Reached skill level 5 in Polearms
  4488 | D:5      | Reached skill level 5 in Armour
  5166 | D:6      | Found a blossoming altar of Fedhas.
  5166 | D:6      | Found an opulent altar of Gozag.
  5222 | D:6      | Reached skill level 8 in Fighting
  5222 | D:6      | Reached skill level 1 in Axes
  5222 | D:6      | Reached XP level 9. HP: 51/81 MP: 8/8
  6892 | D:6      | Found Cuhimutt's Assorted Antiques.
  6904 | D:6      | Found Uhoaw's Antique Armour Boutique.
  6919 | D:6      | Bought an embroidered scarf for 160 gold pieces
  7393 | D:6      | Found a radiant altar of Vehumet.
  7478 | D:6      | Found Duazyuca's Book Shop.
  7719 | D:7      | Reached skill level 9 in Fighting
  7733 | D:7      | Reached skill level 5 in Axes
  8127 | D:7      | Reached XP level 10. HP: 54/92 MP: 9/9
  8526 | D:7      | Found Imiann's Book Shop.
  8595 | D:7      | Upgraded the game from 0.25.0-9-g26727b657a to
                  | 0.25.0-10-g039870ee82
  8626 | D:7      | Found a staircase to the Ecumenical Temple.
  8632 | Temple   | Entered the Ecumenical Temple
  8701 | Temple   | Became a worshipper of the Wu Jian Council
  8701 | Temple   | Reached * piety under Wu Jian
  8701 | Temple   | Reached ** piety under Wu Jian
  8867 | D:8      | Noticed a two-headed ogre
  8874 | D:8      | Killed a two-headed ogre
  8874 | D:8      | Reached skill level 10 in Fighting
  9180 | D:8      | Found a staircase to the Lair.
  9947 | D:8      | Reached *** piety under Wu Jian
  9953 | Lair:1   | Entered Level 1 of the Lair of Beasts
 10096 | Lair:1   | Noticed a spiny frog
 10101 | Lair:1   | Killed a spiny frog
 10319 | Lair:1   | Reached skill level 11 in Fighting
 10941 | Lair:2   | Found a staircase to the Shoals.
 10943 | Lair:2   | Noticed a merfolk siren
 10953 | Lair:2   | Killed a merfolk siren
 10953 | Lair:2   | Reached XP level 11. HP: 102/102 MP: 10/10
 11545 | Lair:3   | Reached skill level 10 in Axes
 11663 | Lair:3   | Reached **** piety under Wu Jian
 11685 | Lair:3   | Found a frozen archway.
 11709 | IceCv    | Entered an ice cave
 11709 | IceCv    | Noticed a white ugly thing
 11716 | IceCv    | Found a transporter.
 11732 | IceCv    | Killed a white ugly thing
 12053 | IceCv    | Noticed a white ugly thing
 12070 | IceCv    | Killed a white ugly thing
 12070 | IceCv    | Reached skill level 12 in Fighting
 12107 | IceCv    | Found a transporter.
 12395 | IceCv    | Reached skill level 13 in Fighting
 12395 | IceCv    | Reached skill level 10 in Polearms
 12395 | IceCv    | Reached XP level 12. HP: 115/115 MP: 11/11
 12398 | IceCv    | Identified a scroll of acquirement
 12400 | IceCv    | Got the +7 demon trident "Jyisa" {vamp, Str+5}
 12717 | Lair:3   | Noticed a death yak
 12717 | Lair:3   | Noticed a death yak
 12717 | Lair:3   | Noticed a death yak
 12729 | Lair:3   | Noticed a death yak
 12731 | Lair:3   | Killed a death yak
 12735 | Lair:3   | Noticed a death yak
 12769 | Lair:3   | Killed a death yak
 12772 | Lair:3   | Killed a death yak
 12772 | Lair:3   | Killed a death yak
 12777 | Lair:3   | Killed a death yak
 12777 | Lair:3   | Reached skill level 14 in Fighting
 12788 | Lair:3   | Reached XP level 13. HP: 112/124 MP: 12/12
 13102 | Lair:3   | Reached ***** piety under Wu Jian
 13128 | Lair:3   | Found a staircase to the Snake Pit.
 13331 | Lair:3   | Got a smouldering falchion
 13332 | Lair:3   | Identified the +8 falchion of Incongruity {drain, rN+
                  | Dex+2} (You found it on level 3 of the Lair of Beasts)
 14012 | Lair:4   | Reached skill level 15 in Fighting
 14429 | Lair:5   | Identified the Tome of Shifting Enchantment
 14501 | Lair:5   | You fall into a shaft and drop 1 floor!
 14501 | Lair:6   | Entered Level 6 of the Lair of Beasts
 14521 | Lair:6   | Paralysed by a hornet for 2 turns
 14531 | Lair:6   | Paralysed by something for 3 turns
 14664 | Lair:6   | Found a runed translucent door.
 14751 | Lair:6   | Reached skill level 16 in Fighting
 14754 | Lair:6   | Reached XP level 14. HP: 118/137 MP: 13/13
 14759 | Lair:6   | Reached skill level 10 in Armour
 15522 | Lair:6   | Reached ****** piety under Wu Jian
 15784 | Lair:6   | Paralysed by a hornet for 3 turns
 15925 | Lair:6   | Reached skill level 10 in Dodging
 15948 | Lair:6   | Found a viscous altar of Jiyva.
 15948 | Lair:6   | Found a staircase to the Slime Pits.
 15968 | Lair:6   | Reached skill level 17 in Fighting
 16216 | Lair:6   | Reached skill level 15 in Polearms
 16543 | Lair:6   | Reached skill level 1 in Evocations
 16790 | Snake:1  | Entered Level 1 of the Snake Pit
 18381 | Snake:2  | Slain by a black mamba

Illustrated notes

Levels and vault maps discovered:
D:1:      dpeg_arrival_connections, layout_rooms, minmay_stone_trees_medium
D:2:      layout_rooms, first_ration, uniq_robin
D:3:      layout_basic, brannock_xom_greatest_gift, uniq_sigmund
D:4:      layout_basic, kennysheep_mini, ebering_ghost_sewer_d, uniq_pikel
D:5:      layout_rooms, serial_glass, glass_columns_b, glass_columns_a,
          glass_columns_a, glass_columns_b, glass_columns_c, glass_columns_c
D:6:      layout_basic, vehumet_crystals, grunt_temple_overflow_open,
          serial_shops, shop, shop, nicolae_shop_trees, kennysheep_path_1,
          serial_bayou_lagoon_b
D:7:      layout_basic, minmay_temple_entry_gardened_gates, serial_shops, shop,
          grunt_potential
D:8:      layout_loops_ring, grunt_lair_entry_orc_guard_hut
Temple:   dpeg_five_rooms_temple
Lair:1:   layout_cave_pods, infiniplex_staircase_pool_2
Lair:2:   layout_cave_shapes, minmay_shoals_entry_lonely_mermaid,
          chequers_serial_rivers_room_a, grunt_megastairs_2,
          serial_bayou_shore_b
Lair:3:   layout_gridlike, minmay_snake_entry_guardpost_medium,
          portal_ice_cave_entry_imps, fungi_pond_lemuel
Lair:4:   layout_misc_corridors
Lair:5:   layout_layer_cave, chequers_serial_rivers_small_b, grunt_megastairs_3
Lair:6:   wormcave, layout_loops_ring, hangedman_lair_tendril_chambers,
          slime_altar_1
Snake:1:  layout_layer_cave
Snake:2:  nicolae_aizul_guard, layout_onion, evilmike_ambush
          [evilmike_ambush_outer_pillars, evilmike_ambush_inner_pond],
          grunt_megastairs_4

Skill      XL: |  1  2  3  4  5  6  7  8  9 10 11 12 13 14 |
---------------+-------------------------------------------+-----
Fighting       | 4 5 6 8 9 11 13 14 16 17 | 17.5
Long Blades    | 4 5 6 |  6.5
Dodging        | 4 5 6 9 10 | 10.2
Polearms       | 1 3 4 7 8 10 11 14 15 | 15.2
Armour         | 1 3 4 5 6 8 9 10 | 10.8
Axes           | 1 6 9 10 | 10.7
Stealth        | 2 |  2.8
Evocations     | 2 |  2.1

Action                   |  1- 3 |  4- 6 |  7- 9 | 10-12 | 13-15 || total
-------------------------+-------+-------+-------+-------+-------++-------
Melee: Falchion          |    48 |    46 |       |       |       ||    94
       Headbutt          |     9 |    20 |    46 |   112 |   161 ||   348
       Spear             |     4 |    39 |   209 |   346 |       ||   598
       Battleaxe         |       |       |   103 |   106 |       ||   209
       Demon trident     |       |       |       |    83 |   573 ||   656
Throw: Dart              |     2 |    14 |    27 |       |     2 ||    45
       Javelin           |       |       |    23 |    22 |    16 ||    61
Invok: Lunge             |       |       |       |    48 |    77 ||   125
       Whirlwind         |       |       |       |   118 |    77 ||   195
       Serpent's Lash    |       |       |       |       |     2 ||     2
       Heavenly Storm    |       |       |       |       |     1 ||     1
 Abil: Wall Jump         |       |       |       |       |     1 ||     1
Evoke: Tin of tremorston |       |       |       |     2 |     3 ||     5
       Wand              |       |       |       |       |     5 ||     5
       Lightning rod     |       |       |       |       |     2 ||     2
  Use: Scroll            |       |     3 |     1 |    14 |     3 ||    21
       Potion            |       |       |       |     3 |     1 ||     4
 Stab: Sleeping          |     1 |       |     2 |       |       ||     3
       Distracted        |       |       |     1 |       |       ||     1
  Eat: Chunk             |     2 |     4 |    10 |    12 |    10 ||    38
       Ration            |       |       |     2 |     1 |     2 ||     5
Armor: Robe              |     4 |       |       |       |       ||     4
       Animal skin       |     3 |     2 |       |       |       ||     5
       Leather armour    |       |     2 |     9 |       |       ||    11
       Ring mail         |       |       |    19 |       |       ||    19
       Scale mail        |       |       |    24 |   101 |    94 ||   219
Dodge: Dodged            |    42 |    36 |   169 |   201 |   189 ||   637
       Repelled          |       |       |     3 |     7 |     6 ||    16
Block: Other             |    10 |    15 |    57 |    38 |    63 ||   183
       Reflection        |     4 |     2 |     3 |       |     1 ||    10
       Rpst.: Falchion   |    11 |     9 |       |       |       ||    20
